Minnesota North Stars vs Montreal Canadiens

Created - Sunday, January 25, 2026 at 08:26

Goals
1 2 3 T
Minnesota North Stars 1 2 0 3
Montreal Canadiens 0 2 0 2
Shots
1 2 3 T
Minnesota North Stars 8 13 13 34
Montreal Canadiens 17 15 16 48

1st period

1. Minnesota North Stars , Jack Hughes 3 (Brock Nelson 5) at 7:56

Penalties :
Brady Skjei (MTL) for Tripping (Minor) at 4:26

2nd period

2. Montreal Canadiens , Juraj Slafkovsky 1 (Ryan Poehling 1, Patrik Laine 2) at 8:39
3. Montreal Canadiens , Jake Evans 2 (Owen Power 4, Ryan Poehling 2) at 10:51 (SH)
4. Minnesota North Stars , Ryan Nugent-Hopkins 5 (Neal Pionk 4, Brandon Bussi) at 11:25 (PP)
5. Minnesota North Stars , Jack Hughes 4 (Ryan Nugent-Hopkins 4, Rasmus Dahlin 4) at 14:08

Penalties :
Josh Manson (MTL) for Holding (Minor) at 10:38

3rd period

No Goal

Penalties :
Matt Roy (MNS) for Hooking (Minor) at 5:11

Goalie Stats

Brandon Bussi (MNS), 46 saves from 48 shots - (0.958), W, 2-2-0, 60:00 minutes
Stuart Skinner (MTL), 31 saves from 34 shots - (0.912), L, 2-4-1, 58:51 minutes

Players Stats for Minnesota North Stars

Player Name              G  A  P  +/- PIM S  H  SB GA TA FO     MP     PP MP  PK MP  
------------------------------------------------------------------------------------
Brock Nelson             0  1  1   1  0   1  3  2  0  0  0/0    17:42   1:20   0:00 
Erik Cernak              0  0  0   0  0   1  1  1  0  0  0/0    14:48   0:00   0:26 
Frank Vatrano            0  0  0   0  0   4  1  0  1  0  0/1    18:32   1:26   1:02 
Gustav Forsling          0  0  0  -1  0   2  0  0  0  1  0/0    20:17   1:30   1:05 
Ivan Barbashev           0  0  0   0  0   0  0  0  1  0  0/0    13:14   0:00   0:00 
Jack Hughes              2  0  2   1  0   4  0  0  0  2  7/15   17:49   1:20   0:07 
Jonathan Marchessault    0  0  0   0  0   1  1  2  0  0  0/0    14:00   0:00   0:45 
Lawson Crouse            0  0  0  -1  0   3  0  1  0  0  0/1     9:37   0:00   0:02 
Matt Roy                 0  0  0   1  2   1  1  0  1  0  0/0    24:41   1:16   0:00 
Mattias Janmark          0  0  0  -1  0   1  0  0  2  0  0/1     9:39   0:00   0:05 
Michael Rasmussen        0  0  0  -1  0   1  2  0  0  0  0/3     9:39   0:00   0:05 
Neal Pionk               0  1  1  -1  0   0  2  0  0  0  0/0    20:18   1:30   1:17 
Niko Mikkola             0  0  0   0  0   0  2  1  0  1  0/0    14:58   0:00   0:40 
Rasmus Dahlin            0  1  1   1  0   3  0  3  0  1  0/0    24:58   1:16   0:30 
Ryan Nugent-Hopkins      1  1  2   1  0   3  0  0  1  0  1/2    17:42   1:20   0:00 
Valeri Nichushkin        0  0  0   0  0   2  0  1  2  0  0/0    18:13   1:26   0:43 
William Eklund           0  0  0   0  0   5  1  0  0  0  6/20   17:37   1:26   0:07 
William Karlsson         0  0  0   0  0   2  1  0  0  0  11/17  14:16   0:00   1:02 

Players Stats for Montreal Canadiens

Player Name              G  A  P  +/- PIM S  H  SB GA TA FO     MP     PP MP  PK MP  
------------------------------------------------------------------------------------
Adam Fox                 0  0  0   0  0   1  0  1  0  1  0/0    16:22   0:43   0:45 
Arttu Hyry               0  0  0   0  0   1  2  1  1  0  0/0    12:17   0:49   0:00 
Brad Marchand            0  0  0  -1  0   2  3  0  1  0  2/4    17:24   1:00   0:06 
Brady Skjei              0  0  0  -1  2   8  1  2  0  1  0/0    22:22   0:00   0:00 
Damon Severson           0  0  0   1  0   1  1  2  0  0  0/0    21:00   1:16   1:38 
Drew O'Connor            0  0  0  -1  0   2  4  0  0  0  1/3    16:17   0:00   1:17 
Dylan Larkin             0  0  0  -1  0   4  2  0  1  0  1/1    16:59   1:07   0:00 
Jake Evans               1  0  1   0  0   7  1  0  0  1  11/16  16:23   0:00   1:23 
Josh Manson              0  0  0  -1  2   0  1  0  0  1  0/0    18:05   0:00   1:08 
Juraj Slafkovsky         1  0  1   1  0   6  2  1  1  0  1/3    13:20   0:25   0:06 
Justin Hryckowian        0  0  0   0  0   3  0  1  0  0  0/0    11:27   0:00   0:00 
Lane Hutson              0  0  0   0  0   0  1  1  0  2  0/0    15:51   0:43   0:06 
Macklin Celebrini        0  0  0  -1  0   4  2  0  0  0  10/18  16:59   1:07   0:00 
Martin Necas             0  0  0  -1  0   5  0  0  0  0  0/1    15:43   0:52   0:00 
Owen Power               0  1  1   1  0   1  2  3  0  0  0/0    26:26   1:16   1:55 
Patrik Laine             0  1  1   1  0   1  1  0  0  1  0/0    13:07   0:22   0:00 
Ryan Poehling            0  2  2   2  0   1  2  0  0  1  5/9    14:26   0:15   1:23 
Teddy Blueger            0  0  0   0  0   1  1  2  1  0  4/5    12:44   0:00   1:17 

3 Stars

1 - Brandon Bussi (MNS)
2 - Jack Hughes (MNS)
3 - Ryan Nugent-Hopkins (MNS)

Power Play

Minnesota North Stars - 1 on 2 Attempt(s) - 50.00%
Montreal Canadiens - 0 on 1 Attempt(s) - 0.00%

Penalty Kill

Minnesota North Stars - 1 on 1 Attempt(s) - 100.00% - Score 0 goal in Penalty Kill
Montreal Canadiens - 1 on 2 Attempt(s) - 50.00% - Score 1 goal in Penalty Kill

Team Stat

Minnesota North Stars - Hits : 15 - Faceoff Wins : 25 - Blocked Shots : 11 - Penalty Minutes : 2
Montreal Canadiens - Hits : 26 - Faceoff Wins : 35 - Blocked Shots : 14 - Penalty Minutes : 4

Official

Referees : Jon Mcisaac and Mitch Dunning
Linesman : Andrew Smith and Scott Cherrey

Game Notes

No Game Note

Finance

Level 1 -- Attendance: 6000 (100.00%) -- Ticket Income $558,000
Level 2 -- Attendance: 4855 (97.10%) -- Ticket Income $257,315
Level 3 -- Attendance: 2590 (86.33%) -- Ticket Income $82,880
Level 4 -- Attendance: 4970 (99.40%) -- Ticket Income $109,340
Luxury Box -- Attendance: 714 (71.40%) -- Ticket Income $139,230
Game was played at the Bell Centre.
Total Attendance: 19129 (95.65%)
Total Ticket Income: $1,146,765
Other Income: $401,368
Total Income: $1,548,133

Minnesota North Stars

5 vs 5 Forward 
   Center                   Left Wing                Right Wing               Time % Phy DF OF 
 1 Jack Hughes              Brock Nelson             Ryan Nugent-Hopkins      30     1   2  2  
 2 William Eklund           Valeri Nichushkin        Frank Vatrano            30     1   2  2  
 3 William Karlsson         Ivan Barbashev           Jonathan Marchessault    25     1   2  2  
 4 Michael Rasmussen        Lawson Crouse            Mattias Janmark          15     1   2  2  

5 vs 5 Defense 
   Defense                  Defense                                           Time % Phy DF OF 
 1 Matt Roy                 Rasmus Dahlin                                     30     1   2  2  
 2 Gustav Forsling          Neal Pionk                                        30     1   2  2  
 3 Erik Cernak              Niko Mikkola                                      25     1   2  2  
 4 Matt Roy                 Rasmus Dahlin                                     15     1   2  2  

PowerPlay Forward 
   Center                   Left Wing                Right Wing               Time % Phy DF OF 
 1 Jack Hughes              Brock Nelson             Ryan Nugent-Hopkins      50     1   2  2  
 2 William Eklund           Valeri Nichushkin        Frank Vatrano            50     1   2  2  

PowerPlay Defense
   Defense                  Defense                                           Time % Phy DF OF 
 1 Matt Roy                 Rasmus Dahlin                                     50     1   2  2  
 2 Gustav Forsling          Neal Pionk                                        50     1   2  2  

Penalty Kill 4 Players Forward 
   Center                   Wing                     Time % Phy DF OF 
 1 Mattias Janmark          Michael Rasmussen        50     1   4  0  
 2 William Karlsson         Frank Vatrano            50     1   4  0  

Penalty Kill 4 Players Defense
   Defense                  Defense                  Time % Phy DF OF 
 1 Matt Roy                 Rasmus Dahlin            50     1   4  0  
 2 Gustav Forsling          Neal Pionk               50     1   4  0  

Penalty Kill - 3 Players Forward 
   Forward                                           Time % Phy DF OF 
 1 Ryan Nugent-Hopkins                               50     1   4  0  
 2 Mattias Janmark                                   50     1   4  0  

Penalty Kill - 3 Players Defense
   Defense                  Defense                  Time % Phy DF OF 
 1 Matt Roy                 Rasmus Dahlin            50     1   4  0  
 2 Gustav Forsling          Neal Pionk               50     1   4  0  

4 vs 4 Forward 
   Center                   Wing                     Time % Phy DF OF 
 1 Jack Hughes              Brock Nelson             50     1   2  2  
 2 Ryan Nugent-Hopkins      Valeri Nichushkin        50     1   2  2  

4 vs 4 Defense
   Defense                  Defense                  Time % Phy DF OF 
 1 Matt Roy                 Rasmus Dahlin            50     1   2  2  
 2 Gustav Forsling          Neal Pionk               50     1   2  2  

Last Minutes Offensive
   Center                   Left Wing                Right Wing               Defense                  Defense                  
   Jack Hughes              Brock Nelson             Ryan Nugent-Hopkins      Matt Roy                 Rasmus Dahlin            

Last Minutes Defensive
   Center                   Left Wing                Right Wing               Defense                  Defense                  
   Jack Hughes              Brock Nelson             Ryan Nugent-Hopkins      Matt Roy                 Rasmus Dahlin            

Goaltenders
Starting : Brandon Bussi            
Backup : Logan Thompson           

Extra Forwards
Normal : William Karlsson, Jonathan Marchessault, Michael Rasmussen - PP : William Karlsson, Jonathan Marchessault - PK : William Karlsson
Extra Defensemen
Normal : Erik Cernak, Niko Mikkola, Gustav Forsling - PP : Erik Cernak - PK : Niko Mikkola, Gustav Forsling
Penalty Shots
Jack Hughes, Brock Nelson, Ryan Nugent-Hopkins, Valeri Nichushkin, Frank Vatrano

Scratches
Kent Johnson (Sprained Left Finger Injury), Dylan DeMelo (Healthy), Charlie Lindgren (Healthy)

Montreal Canadiens

5 vs 5 Forward 
   Center                   Left Wing                Right Wing               Time % Phy DF OF 
 1 Jake Evans               Drew O'Connor            Martin Necas             30     1   2  2  
 2 Macklin Celebrini        Dylan Larkin             Brad Marchand            30     0   2  3  
 3 Ryan Poehling            Juraj Slafkovsky         Patrik Laine             20     0   2  3  
 4 Teddy Blueger            Justin Hryckowian        Arttu Hyry               20     1   2  2  

5 vs 5 Defense 
   Defense                  Defense                                           Time % Phy DF OF 
 1 Josh Manson              Brady Skjei                                       30     1   4  0  
 2 Owen Power               Damon Severson                                    30     1   4  0  
 3 Adam Fox                 Lane Hutson                                       25     1   4  0  
 4 Brady Skjei              Owen Power                                        15     1   4  0  

PowerPlay Forward 
   Center                   Left Wing                Right Wing               Time % Phy DF OF 
 1 Macklin Celebrini        Dylan Larkin             Brad Marchand            50     0   0  5  
 2 Martin Necas             Juraj Slafkovsky         Patrik Laine             50     0   0  5  

PowerPlay Defense
   Defense                  Defense                                           Time % Phy DF OF 
 1 Adam Fox                 Lane Hutson                                       50     0   0  5  
 2 Owen Power               Damon Severson                                    50     0   0  5  

Penalty Kill 4 Players Forward 
   Center                   Wing                     Time % Phy DF OF 
 1 Ryan Poehling            Jake Evans               50     0   5  0  
 2 Teddy Blueger            Drew O'Connor            50     0   5  0  

Penalty Kill 4 Players Defense
   Defense                  Defense                  Time % Phy DF OF 
 1 Josh Manson              Brady Skjei              50     0   5  0  
 2 Owen Power               Damon Severson           50     0   5  0  

Penalty Kill - 3 Players Forward 
   Forward                                           Time % Phy DF OF 
 1 Jake Evans                                        50     0   5  0  
 2 Ryan Poehling                                     50     0   5  0  

Penalty Kill - 3 Players Defense
   Defense                  Defense                  Time % Phy DF OF 
 1 Josh Manson              Brady Skjei              50     0   5  0  
 2 Owen Power               Damon Severson           50     0   5  0  

4 vs 4 Forward 
   Center                   Wing                     Time % Phy DF OF 
 1 Macklin Celebrini        Martin Necas             50     1   2  2  
 2 Dylan Larkin             Ryan Poehling            50     1   2  2  

4 vs 4 Defense
   Defense                  Defense                  Time % Phy DF OF 
 1 Lane Hutson              Adam Fox                 50     1   2  2  
 2 Brady Skjei              Damon Severson           50     1   2  2  

Last Minutes Offensive
   Center                   Left Wing                Right Wing               Defense                  Defense                  
   Macklin Celebrini        Dylan Larkin             Brad Marchand            Lane Hutson              Adam Fox                 

Last Minutes Defensive
   Center                   Left Wing                Right Wing               Defense                  Defense                  
   Jake Evans               Ryan Poehling            Drew O'Connor            Brady Skjei              Owen Power               

Goaltenders
Starting : Stuart Skinner           
Backup : Pyotr Kochetkov          

Extra Forwards
Normal : Macklin Celebrini, Brad Marchand, Dylan Larkin - PP : Macklin Celebrini, Brad Marchand - PK : Jake Evans
Extra Defensemen
Normal : Brady Skjei, Owen Power, Damon Severson - PP : Lane Hutson - PK : Brady Skjei, Owen Power
Penalty Shots
Patrik Laine, Teddy Blueger, Ryan Poehling, Dylan Larkin, Arttu Hyry

Scratches
David Rittich (Healthy)

% Time on Ice - Minnesota North Stars

Lines # - Real PCT - Wanted PCT - Time Play
Normal Forward
1 - 28% - 30% - 15:12
2 - 30% - 30% - 16:04
3 - 24% - 25% - 13:14
4 - 18% - 15% - 9:34
Normal Defense
1 - 29% - 30% - 15:40
2 - 32% - 30% - 17:31
3 - 26% - 25% - 14:18
4 - 12% - 15% - 6:35
PP Forward
1 - 48% - 50% - 1:20
2 - 52% - 50% - 1:26
PP Defense
1 - 46% - 50% - 1:16
2 - 54% - 50% - 1:30
PK Forward
1 - 26% - 50% - 0:31
2 - 74% - 50% - 1:28
PK Defense
1 - 47% - 50% - 0:56
2 - 53% - 50% - 1:03
PK3 Forward
1 - 0% - 50%
2 - 0% - 50%
PK3 Defense
1 - 0% - 50%
2 - 0% - 50%
44 Forward
1 - 0% - 50%
2 - 0% - 50%
44 Defense
1 - 0% - 50%
2 - 0% - 50%
Last Minute Offensive  - 0:00
Last Minute Defensive  - 1:11
Total
Forward - 60:00
Defense - 60:00

% Time on Ice - Montreal Canadiens

Lines # - Real PCT - Wanted PCT - Time Play
Normal Forward
1 - 28% - 30% - 15:08
2 - 28% - 30% - 15:24
3 - 23% - 20% - 12:28
4 - 21% - 20% - 11:27
Normal Defense
1 - 31% - 30% - 17:00
2 - 33% - 30% - 18:06
3 - 26% - 25% - 14:04
4 - 10% - 15% - 5:17
PP Forward
1 - 56% - 50% - 1:07
2 - 44% - 50% - 0:52
PP Defense
1 - 36% - 50% - 0:43
2 - 64% - 50% - 1:16
PK Forward
1 - 54% - 50% - 1:29
2 - 46% - 50% - 1:17
PK Defense
1 - 41% - 50% - 1:08
2 - 59% - 50% - 1:38
PK3 Forward
1 - 0% - 50%
2 - 0% - 50%
PK3 Defense
1 - 0% - 50%
2 - 0% - 50%
44 Forward
1 - 0% - 50%
2 - 0% - 50%
44 Defense
1 - 0% - 50%
2 - 0% - 50%
Last Minute Offensive  - 0:48
Last Minute Defensive  - 0:00
Total
Forward - 60:00
Defense - 60:00

Play-by-Play

1st period


0:01 of 1st period - Jake Evans wins face-off versus Jack Hughes in neutral zone.
0:10 of 1st period - Snap shot by Jake Evans.
0:10 of 1st period - Stopped by Brandon Bussi without a rebound.
0:11 of 1st period - Macklin Celebrini wins face-off versus William Eklund in Minnesota North Stars zone.
0:38 of 1st period - Frank Vatrano is hit by Arttu Hyry and loses puck.
1:19 of 1st period - Wrist shot by William Eklund.
1:19 of 1st period - Stopped by Stuart Skinner without a rebound.
1:20 of 1st period - William Karlsson wins face-off versus Jake Evans in Montreal Canadiens zone.
2:16 of 1st period - Wrist shot by Macklin Celebrini.
2:16 of 1st period - Shot Blocked by Niko Mikkola.
2:18 of 1st period - Slapshot by Brady Skjei.
2:18 of 1st period - Stopped by Brandon Bussi with a rebound.
3:12 of 1st period - Neal Pionk is hit by Jake Evans.
3:38 of 1st period - Wrist shot by Dylan Larkin.
3:38 of 1st period - Stopped by Brandon Bussi without a rebound.
3:39 of 1st period - Macklin Celebrini wins face-off versus Michael Rasmussen in Minnesota North Stars zone.
3:46 of 1st period - Snap shot by Lawson Crouse.
3:46 of 1st period - Stopped by Stuart Skinner with a rebound.
3:48 of 1st period - Slapshot by Erik Cernak.
3:48 of 1st period - Stopped by Stuart Skinner with a rebound.
3:52 of 1st period - Snap shot by Lawson Crouse.
3:52 of 1st period - Stopped by Stuart Skinner with a rebound.
4:26 of 1st period - Minor Penalty to Brady Skjei for Tripping.
4:27 of 1st period - Ryan Poehling wins face-off versus William Eklund in Montreal Canadiens zone.
6:26 of 1st period - Penalty to Brady Skjei is over, Brady Skjei is back on ice.
6:27 of 1st period - Wrist shot by Juraj Slafkovsky.
6:27 of 1st period - Shot Misses the Net.
6:29 of 1st period - Snap shot by Brady Skjei.
6:29 of 1st period - Stopped by Brandon Bussi with a rebound.
6:31 of 1st period - Wrist shot by Brad Marchand.
6:31 of 1st period - Stopped by Brandon Bussi with a rebound.
6:33 of 1st period - Slapshot by Damon Severson.
6:33 of 1st period - Deflect By Brad Marchand.
6:33 of 1st period - Stopped by Brandon Bussi without a rebound.
6:34 of 1st period - William Karlsson wins face-off versus Macklin Celebrini in Minnesota North Stars zone.
6:34 of 1st period - William Karlsson is hit by Brad Marchand.
6:59 of 1st period - Adam Fox is hit by Michael Rasmussen and loses puck.
7:33 of 1st period - Drew O'Connor is hit by Niko Mikkola and loses puck.
7:56 of 1st period - Snap shot by Jack Hughes.
7:56 of 1st period - Goal by Jack Hughes - Minnesota North Stars : 1 - Montreal Canadiens : 0.
7:57 of 1st period - William Eklund wins face-off versus Macklin Celebrini in neutral zone.
8:24 of 1st period - Matt Roy is hit by Arttu Hyry and loses puck.
9:31 of 1st period - Slapshot by Brad Marchand.
9:31 of 1st period - Shot Misses the Net.
9:36 of 1st period - Off-side.
9:37 of 1st period - Jack Hughes wins face-off versus Drew O'Connor in neutral zone.
9:47 of 1st period - Wrist shot by Martin Necas.
9:47 of 1st period - Stopped by Brandon Bussi with a rebound.
10:52 of 1st period - Wrist shot by Juraj Slafkovsky.
10:52 of 1st period - Stopped by Brandon Bussi without a rebound.
10:53 of 1st period - Jake Evans wins face-off versus William Eklund in Minnesota North Stars zone.
11:08 of 1st period - Snap shot by Martin Necas.
11:08 of 1st period - Stopped by Brandon Bussi with a rebound.
11:18 of 1st period - Dylan Larkin is hit by Niko Mikkola and loses puck.
11:45 of 1st period - Wrist shot by Juraj Slafkovsky.
11:45 of 1st period - Shot Misses the Net.
11:47 of 1st period - Slapshot by Damon Severson.
11:47 of 1st period - Shot Misses the Net.
11:49 of 1st period - Snap shot by Damon Severson.
11:49 of 1st period - Shot Blocked by Rasmus Dahlin.
11:51 of 1st period - Snap shot by Juraj Slafkovsky.
11:51 of 1st period - Deflect By Patrik Laine.
11:51 of 1st period - Shot Misses the Net.
11:51 of 1st period - Puck is out of play.
11:52 of 1st period - Teddy Blueger wins face-off versus William Eklund in Minnesota North Stars zone.
11:55 of 1st period - Snap shot by Teddy Blueger.
11:55 of 1st period - Deflect By Arttu Hyry.
11:55 of 1st period - Shot Misses the Net.
11:55 of 1st period - Puck is out of play.
11:56 of 1st period - Teddy Blueger wins face-off versus William Eklund in Minnesota North Stars zone.
12:07 of 1st period - Snap shot by Arttu Hyry.
12:07 of 1st period - Shot Misses the Net.
12:09 of 1st period - Snap shot by Justin Hryckowian.
12:09 of 1st period - Stopped by Brandon Bussi with a rebound.
12:11 of 1st period - Slapshot by Arttu Hyry.
12:11 of 1st period - Shot Misses the Net.
13:29 of 1st period - Wrist shot by Jack Hughes.
13:29 of 1st period - Stopped by Stuart Skinner without a rebound.
13:30 of 1st period - Teddy Blueger wins face-off versus Jack Hughes in Montreal Canadiens zone.
13:30 of 1st period - Teddy Blueger is hit by Brock Nelson.
14:14 of 1st period - Slapshot by Justin Hryckowian.
14:14 of 1st period - Stopped by Brandon Bussi without a rebound.
14:15 of 1st period - Jake Evans wins face-off versus William Eklund in Minnesota North Stars zone.
14:28 of 1st period - Snap shot by Martin Necas.
14:28 of 1st period - Shot Blocked by Valeri Nichushkin.
14:30 of 1st period - Wrist shot by Drew O'Connor.
14:30 of 1st period - Stopped by Brandon Bussi without a rebound.
14:31 of 1st period - William Karlsson wins face-off versus Brad Marchand in Minnesota North Stars zone.
15:40 of 1st period - Matt Roy is hit by Teddy Blueger and loses puck.
15:49 of 1st period - Snap shot by Arttu Hyry.
15:49 of 1st period - Stopped by Brandon Bussi with a rebound.
15:51 of 1st period - Slapshot by Brady Skjei.
15:51 of 1st period - Stopped by Brandon Bussi without a rebound.
15:52 of 1st period - William Eklund wins face-off versus Brad Marchand in Minnesota North Stars zone.
15:52 of 1st period - William Eklund is hit by Macklin Celebrini.
17:08 of 1st period - Snap shot by Michael Rasmussen.
17:08 of 1st period - Shot Blocked by Brady Skjei.
17:14 of 1st period - Slapshot by Lawson Crouse.
17:14 of 1st period - Deflect By Michael Rasmussen.
17:14 of 1st period - Shot Blocked by Teddy Blueger.
17:14 of 1st period - Puck is out of play.
17:15 of 1st period - William Eklund wins face-off versus Macklin Celebrini in Montreal Canadiens zone.
17:16 of 1st period - Wrist shot by Frank Vatrano.
17:16 of 1st period - Stopped by Stuart Skinner without a rebound.
17:17 of 1st period - Macklin Celebrini wins face-off versus William Eklund in Montreal Canadiens zone.
18:10 of 1st period - Wrist shot by Teddy Blueger.
18:10 of 1st period - Deflect By William Karlsson.
18:10 of 1st period - Stopped by Brandon Bussi with a rebound.
18:12 of 1st period - Snap shot by Adam Fox.
18:12 of 1st period - Stopped by Brandon Bussi with a rebound.
18:14 of 1st period - Slapshot by Lane Hutson.
18:14 of 1st period - Shot Misses the Net.
18:25 of 1st period - Icing by Neal Pionk.
18:26 of 1st period - Ryan Poehling wins face-off versus Lawson Crouse in Minnesota North Stars zone.
18:35 of 1st period - Wrist shot by Mattias Janmark.
18:35 of 1st period - Stopped by Stuart Skinner with a rebound.
18:37 of 1st period - Snap shot by Mattias Janmark.
18:37 of 1st period - Shot Misses the Net.
18:39 of 1st period - Slapshot by Neal Pionk.
18:39 of 1st period - Shot Blocked by Owen Power.
18:41 of 1st period - Slapshot by Neal Pionk.
18:41 of 1st period - Shot Blocked by Juraj Slafkovsky.
19:09 of 1st period - Wrist shot by Juraj Slafkovsky.
19:09 of 1st period - Stopped by Brandon Bussi with a rebound.
19:24 of 1st period - Slapshot by Juraj Slafkovsky.
19:24 of 1st period - Deflect By Patrik Laine.
19:24 of 1st period - Shot Misses the Net.
19:24 of 1st period - Puck is out of play.
19:25 of 1st period - Macklin Celebrini wins face-off versus William Eklund in Minnesota North Stars zone.
Goals for this period are 1 for Minnesota North Stars vs 0 for Montreal Canadiens.
Shots for this period are 8 for Minnesota North Stars vs 17 for Montreal Canadiens.

2nd period


0:01 of 2nd period - Macklin Celebrini wins face-off versus William Eklund in neutral zone.
0:14 of 2nd period - Slapshot by Macklin Celebrini.
0:14 of 2nd period - Shot Misses the Net.
0:16 of 2nd period - Slapshot by Brady Skjei.
0:16 of 2nd period - Shot Blocked by Rasmus Dahlin.
0:36 of 2nd period - Wrist shot by William Karlsson.
0:36 of 2nd period - Stopped by Stuart Skinner with a rebound.
1:17 of 2nd period - Dylan Larkin is hit by Neal Pionk and loses puck.
1:44 of 2nd period - Neal Pionk is hit by Brady Skjei.
1:47 of 2nd period - Off-side.
1:48 of 2nd period - Jake Evans wins face-off versus William Karlsson in neutral zone.
2:17 of 2nd period - Wrist shot by Frank Vatrano.
2:17 of 2nd period - Stopped by Stuart Skinner with a rebound.
2:45 of 2nd period - Snap shot by Patrik Laine.
2:45 of 2nd period - Shot Blocked by Rasmus Dahlin.
2:55 of 2nd period - Slapshot by Rasmus Dahlin.
2:55 of 2nd period - Stopped by Stuart Skinner with a rebound.
2:57 of 2nd period - Snap shot by Rasmus Dahlin.
2:57 of 2nd period - Shot Blocked by Teddy Blueger.
2:59 of 2nd period - Slapshot by Ryan Nugent-Hopkins.
2:59 of 2nd period - Shot Misses the Net.
3:38 of 2nd period - Snap shot by William Eklund.
3:38 of 2nd period - Deflect By Frank Vatrano.
3:38 of 2nd period - Shot Blocked by Lane Hutson.
3:38 of 2nd period - Puck is out of play.
3:39 of 2nd period - Macklin Celebrini wins face-off versus Frank Vatrano in Montreal Canadiens zone.
3:44 of 2nd period - Neal Pionk is hit by Dylan Larkin and loses puck.
3:57 of 2nd period - Snap shot by Valeri Nichushkin.
3:57 of 2nd period - Shot Hit the Post.
4:26 of 2nd period - Snap shot by Dylan Larkin.
4:26 of 2nd period - Shot Misses the Net.
4:28 of 2nd period - Slapshot by Owen Power.
4:28 of 2nd period - Stopped by Brandon Bussi without a rebound.
4:29 of 2nd period - Jake Evans wins face-off versus William Karlsson in Minnesota North Stars zone.
4:54 of 2nd period - Justin Hryckowian is hit by Neal Pionk and loses puck.
5:22 of 2nd period - Ryan Poehling is hit by Michael Rasmussen and loses puck.
5:37 of 2nd period - Ivan Barbashev is hit by Drew O'Connor.
5:53 of 2nd period - Owen Power is hit by William Eklund and loses puck.
6:06 of 2nd period - Josh Manson is hit by Erik Cernak.
6:28 of 2nd period - Wrist shot by Mattias Janmark.
6:28 of 2nd period - Shot Misses the Net.
6:30 of 2nd period - Wrist shot by Lawson Crouse.
6:30 of 2nd period - Stopped by Stuart Skinner without a rebound.
6:31 of 2nd period - Juraj Slafkovsky wins face-off versus Michael Rasmussen in Montreal Canadiens zone.
6:44 of 2nd period - Rasmus Dahlin is hit by Juraj Slafkovsky and loses puck.
6:57 of 2nd period - Josh Manson is hit by Frank Vatrano and loses puck.
7:04 of 2nd period - Wrist shot by Frank Vatrano.
7:04 of 2nd period - Deflect By William Eklund.
7:04 of 2nd period - Shot Misses the Net.
7:04 of 2nd period - Puck is out of play.
7:05 of 2nd period - Jack Hughes wins face-off versus Macklin Celebrini in Montreal Canadiens zone.
7:32 of 2nd period - Jack Hughes is hit by Damon Severson.
7:40 of 2nd period - Snap shot by Jack Hughes.
7:40 of 2nd period - Shot Blocked by Justin Hryckowian.
7:42 of 2nd period - Snap shot by Matt Roy.
7:42 of 2nd period - Stopped by Stuart Skinner with a rebound.
7:44 of 2nd period - Slapshot by Brock Nelson.
7:44 of 2nd period - Shot Misses the Net.
7:46 of 2nd period - Slapshot by Jack Hughes.
7:46 of 2nd period - Deflect By Ryan Nugent-Hopkins.
7:46 of 2nd period - Stopped by Stuart Skinner without a rebound.
7:47 of 2nd period - Jake Evans wins face-off versus William Eklund in Montreal Canadiens zone.
8:14 of 2nd period - Ivan Barbashev is hit by Josh Manson and loses puck.
8:35 of 2nd period - Wrist shot by Juraj Slafkovsky.
8:35 of 2nd period - Stopped by Brandon Bussi with a rebound.
8:39 of 2nd period - Slapshot by Juraj Slafkovsky.
8:39 of 2nd period - Goal by Juraj Slafkovsky - Minnesota North Stars : 1 - Montreal Canadiens : 1.
8:40 of 2nd period - Jake Evans wins face-off versus William Eklund in neutral zone.
8:45 of 2nd period - Wrist shot by Jake Evans.
8:45 of 2nd period - Stopped by Brandon Bussi with a rebound.
9:53 of 2nd period - Slapshot by Lawson Crouse.
9:53 of 2nd period - Shot Misses the Net.
9:55 of 2nd period - Slapshot by Rasmus Dahlin.
9:55 of 2nd period - Stopped by Stuart Skinner without a rebound.
9:56 of 2nd period - Jake Evans wins face-off versus Mattias Janmark in Montreal Canadiens zone.
10:38 of 2nd period - Minor Penalty to Josh Manson for Holding.
10:39 of 2nd period - Ryan Poehling wins face-off versus Jack Hughes in Montreal Canadiens zone.
10:44 of 2nd period - Neal Pionk is hit by Ryan Poehling and loses puck.
10:49 of 2nd period - Slapshot by Jake Evans.
10:49 of 2nd period - Shot Blocked by Brock Nelson.
10:51 of 2nd period - Backhand shot by Owen Power.
10:51 of 2nd period - Deflect By Jake Evans.
10:51 of 2nd period - Goal by Jake Evans - Minnesota North Stars : 1 - Montreal Canadiens : 2.
10:52 of 2nd period - Teddy Blueger wins face-off versus William Eklund in neutral zone.
11:25 of 2nd period - Snap shot by Ryan Nugent-Hopkins.
11:25 of 2nd period - Goal by Ryan Nugent-Hopkins - Minnesota North Stars : 2 - Montreal Canadiens : 2.
11:26 of 2nd period - Jack Hughes wins face-off versus Jake Evans in neutral zone.
11:31 of 2nd period - Snap shot by Jack Hughes.
11:31 of 2nd period - Shot Blocked by Owen Power.
11:33 of 2nd period - Slapshot by Rasmus Dahlin.
11:33 of 2nd period - Shot Blocked by Damon Severson.
11:39 of 2nd period - Snap shot by Brock Nelson.
11:39 of 2nd period - Stopped by Stuart Skinner without a rebound.
11:40 of 2nd period - Dylan Larkin wins face-off versus William Karlsson in Montreal Canadiens zone.
11:40 of 2nd period - Dylan Larkin is hit by Matt Roy.
11:50 of 2nd period - Wrist shot by Dylan Larkin.
11:50 of 2nd period - Stopped by Brandon Bussi without a rebound.
11:51 of 2nd period - William Eklund wins face-off versus Jake Evans in Minnesota North Stars zone.
11:51 of 2nd period - William Eklund is hit by Drew O'Connor.
12:28 of 2nd period - Icing by Rasmus Dahlin.
12:29 of 2nd period - William Karlsson wins face-off versus Macklin Celebrini in Minnesota North Stars zone.
12:46 of 2nd period - Snap shot by Macklin Celebrini.
12:46 of 2nd period - Stopped by Brandon Bussi without a rebound.
12:47 of 2nd period - Jack Hughes wins face-off versus Jake Evans in Minnesota North Stars zone.
13:02 of 2nd period - Brock Nelson is hit by Drew O'Connor and loses puck.
13:22 of 2nd period - Snap shot by Macklin Celebrini.
13:22 of 2nd period - Stopped by Brandon Bussi with a rebound.
13:48 of 2nd period - Lane Hutson is hit by William Karlsson.
13:49 of 2nd period - Icing by Lane Hutson.
13:50 of 2nd period - Ryan Poehling wins face-off versus Jack Hughes in Montreal Canadiens zone.
13:54 of 2nd period - Off-side.
13:55 of 2nd period - Drew O'Connor wins face-off versus Jack Hughes in neutral zone.
13:58 of 2nd period - Wrist shot by Martin Necas.
13:58 of 2nd period - Stopped by Brandon Bussi with a rebound.
14:08 of 2nd period - Slapshot by Jack Hughes.
14:08 of 2nd period - Goal by Jack Hughes - Minnesota North Stars : 3 - Montreal Canadiens : 2.
14:09 of 2nd period - Jake Evans wins face-off versus William Eklund in neutral zone.
14:12 of 2nd period - Snap shot by Martin Necas.
14:12 of 2nd period - Stopped by Brandon Bussi with a rebound.
14:24 of 2nd period - Snap shot by Frank Vatrano.
14:24 of 2nd period - Shot Misses the Net.
14:26 of 2nd period - Snap shot by William Eklund.
14:26 of 2nd period - Shot Misses the Net.
15:21 of 2nd period - Snap shot by Drew O'Connor.
15:21 of 2nd period - Stopped by Brandon Bussi with a rebound.
15:23 of 2nd period - Wrist shot by Jake Evans.
15:23 of 2nd period - Stopped by Brandon Bussi with a rebound.
15:25 of 2nd period - Slapshot by Owen Power.
15:25 of 2nd period - Shot Misses the Net.
15:27 of 2nd period - Wrist shot by Jake Evans.
15:27 of 2nd period - Stopped by Brandon Bussi with a rebound.
15:29 of 2nd period - Wrist shot by Drew O'Connor.
15:29 of 2nd period - Shot Blocked by Lawson Crouse.
15:51 of 2nd period - Snap shot by Jake Evans.
15:51 of 2nd period - Shot Misses the Net.
15:53 of 2nd period - Snap shot by Martin Necas.
15:53 of 2nd period - Stopped by Brandon Bussi without a rebound.
15:54 of 2nd period - Ryan Nugent-Hopkins wins face-off versus Macklin Celebrini in Minnesota North Stars zone.
15:54 of 2nd period - Ryan Nugent-Hopkins is hit by Dylan Larkin.
16:13 of 2nd period - Matt Roy is hit by Brad Marchand and loses puck.
16:26 of 2nd period - Snap shot by Justin Hryckowian.
16:26 of 2nd period - Stopped by Brandon Bussi with a rebound.
16:28 of 2nd period - Slapshot by Josh Manson.
16:28 of 2nd period - Deflect By Teddy Blueger.
16:28 of 2nd period - Shot Misses the Net.
16:28 of 2nd period - Puck is out of play.
16:29 of 2nd period - William Eklund wins face-off versus Teddy Blueger in Minnesota North Stars zone.
16:40 of 2nd period - Snap shot by Teddy Blueger.
16:40 of 2nd period - Shot Misses the Net.
16:42 of 2nd period - Slapshot by Teddy Blueger.
16:42 of 2nd period - Shot Misses the Net.
16:44 of 2nd period - Snap shot by Arttu Hyry.
16:44 of 2nd period - Shot Misses the Net.
16:46 of 2nd period - Slapshot by Teddy Blueger.
16:46 of 2nd period - Shot Misses the Net.
16:52 of 2nd period - Snap shot by Teddy Blueger.
16:52 of 2nd period - Shot Hit the Post.
17:30 of 2nd period - Snap shot by William Eklund.
17:30 of 2nd period - Stopped by Stuart Skinner with a rebound.
18:13 of 2nd period - Valeri Nichushkin is hit by Owen Power and loses puck.
19:15 of 2nd period - Wrist shot by Frank Vatrano.
19:15 of 2nd period - Shot Misses the Net.
19:28 of 2nd period - Icing by Gustav Forsling.
19:29 of 2nd period - Macklin Celebrini wins face-off versus William Eklund in Minnesota North Stars zone.
19:51 of 2nd period - Snap shot by Valeri Nichushkin.
19:51 of 2nd period - Stopped by Stuart Skinner with a rebound.
19:59 of 2nd period - Wrist shot by Frank Vatrano.
19:59 of 2nd period - Stopped by Stuart Skinner without a rebound.
Goals for this period are 2 for Minnesota North Stars vs 2 for Montreal Canadiens.
Shots for this period are 13 for Minnesota North Stars vs 15 for Montreal Canadiens.

3rd period


0:01 of 3rd period - Macklin Celebrini wins face-off versus Jack Hughes in neutral zone.
0:38 of 3rd period - Snap shot by Mattias Janmark.
0:38 of 3rd period - Deflect By Michael Rasmussen.
0:38 of 3rd period - Shot Blocked by Brady Skjei.
0:38 of 3rd period - Puck is out of play.
0:39 of 3rd period - William Karlsson wins face-off versus Ryan Poehling in Montreal Canadiens zone.
1:52 of 3rd period - Snap shot by William Eklund.
1:52 of 3rd period - Stopped by Stuart Skinner without a rebound.
1:53 of 3rd period - William Karlsson wins face-off versus Juraj Slafkovsky in Montreal Canadiens zone.
2:46 of 3rd period - Wrist shot by Martin Necas.
2:46 of 3rd period - Deflect By Drew O'Connor.
2:46 of 3rd period - Shot Misses the Net.
2:46 of 3rd period - Puck is out of play.
2:47 of 3rd period - William Karlsson wins face-off versus Ryan Poehling in Minnesota North Stars zone.
2:51 of 3rd period - Off-side.
2:52 of 3rd period - William Karlsson wins face-off versus Ryan Poehling in neutral zone.
3:24 of 3rd period - Erik Cernak is hit by Brad Marchand and loses puck.
3:45 of 3rd period - Snap shot by Jake Evans.
3:45 of 3rd period - Shot Misses the Net.
4:01 of 3rd period - Michael Rasmussen is hit by Patrik Laine and loses puck.
5:09 of 3rd period - Snap shot by Juraj Slafkovsky.
5:09 of 3rd period - Stopped by Brandon Bussi with a rebound.
5:11 of 3rd period - Minor Penalty to Matt Roy for Hooking.
5:12 of 3rd period - William Karlsson wins face-off versus Macklin Celebrini in Minnesota North Stars zone.
5:12 of 3rd period - William Karlsson is hit by Macklin Celebrini.
5:20 of 3rd period - Wrist shot by Gustav Forsling.
5:20 of 3rd period - Stopped by Stuart Skinner with a rebound.
5:28 of 3rd period - Backhand shot by Macklin Celebrini.
5:28 of 3rd period - Shot Hit the Post.
5:58 of 3rd period - Adam Fox is hit by Jonathan Marchessault and loses puck.
7:11 of 3rd period - Penalty to Matt Roy is over, Matt Roy is back on ice.
8:02 of 3rd period - Off-side.
8:03 of 3rd period - Jake Evans wins face-off versus Ryan Nugent-Hopkins in neutral zone.
8:06 of 3rd period - Wrist shot by Brad Marchand.
8:06 of 3rd period - Shot Misses the Net.
8:24 of 3rd period - Michael Rasmussen is hit by Owen Power and loses puck.
9:05 of 3rd period - Snap shot by William Karlsson.
9:05 of 3rd period - Stopped by Stuart Skinner with a rebound.
9:07 of 3rd period - Slapshot by Gustav Forsling.
9:07 of 3rd period - Stopped by Stuart Skinner without a rebound.
9:08 of 3rd period - Jack Hughes wins face-off versus Jake Evans in Montreal Canadiens zone.
9:39 of 3rd period - Icing by Juraj Slafkovsky.
9:40 of 3rd period - William Karlsson wins face-off versus Ryan Poehling in Montreal Canadiens zone.
9:41 of 3rd period - Wrist shot by Jonathan Marchessault.
9:41 of 3rd period - Stopped by Stuart Skinner with a rebound.
9:54 of 3rd period - Slapshot by William Karlsson.
9:54 of 3rd period - Shot Misses the Net.
10:04 of 3rd period - Slapshot by Patrik Laine.
10:04 of 3rd period - Shot Misses the Net.
10:06 of 3rd period - Slapshot by Patrik Laine.
10:06 of 3rd period - Shot Misses the Net.
10:08 of 3rd period - Wrist shot by Juraj Slafkovsky.
10:08 of 3rd period - Shot Misses the Net.
10:10 of 3rd period - Slapshot by Brady Skjei.
10:10 of 3rd period - Shot Blocked by Erik Cernak.
10:12 of 3rd period - Slapshot by Ryan Poehling.
10:12 of 3rd period - Shot Misses the Net.
10:14 of 3rd period - Snap shot by Patrik Laine.
10:14 of 3rd period - Shot Misses the Net.
10:16 of 3rd period - Snap shot by Juraj Slafkovsky.
10:16 of 3rd period - Stopped by Brandon Bussi with a rebound.
10:18 of 3rd period - Slapshot by Brady Skjei.
10:18 of 3rd period - Stopped by Brandon Bussi without a rebound.
10:19 of 3rd period - Jack Hughes wins face-off versus Macklin Celebrini in Minnesota North Stars zone.
10:26 of 3rd period - Snap shot by Ryan Nugent-Hopkins.
10:26 of 3rd period - Stopped by Stuart Skinner with a rebound.
10:46 of 3rd period - Matt Roy is hit by Drew O'Connor and loses puck.
10:55 of 3rd period - Wrist shot by William Eklund.
10:55 of 3rd period - Stopped by Stuart Skinner without a rebound.
10:56 of 3rd period - Jake Evans wins face-off versus William Karlsson in Montreal Canadiens zone.
11:09 of 3rd period - Snap shot by Jake Evans.
11:09 of 3rd period - Stopped by Brandon Bussi with a rebound.
11:11 of 3rd period - Wrist shot by Jake Evans.
11:11 of 3rd period - Shot Misses the Net.
11:21 of 3rd period - Ivan Barbashev is hit by Juraj Slafkovsky and loses puck.
11:28 of 3rd period - Wrist shot by Patrik Laine.
11:28 of 3rd period - Shot Misses the Net.
11:30 of 3rd period - Slapshot by Brady Skjei.
11:30 of 3rd period - Stopped by Brandon Bussi with a rebound.
12:03 of 3rd period - Slapshot by Frank Vatrano.
12:03 of 3rd period - Shot Blocked by Damon Severson.
12:05 of 3rd period - Backhand shot by Neal Pionk.
12:05 of 3rd period - Shot Misses the Net.
12:07 of 3rd period - Snap shot by William Eklund.
12:07 of 3rd period - Deflect By Valeri Nichushkin.
12:07 of 3rd period - Shot Blocked by Arttu Hyry.
12:07 of 3rd period - Puck is out of play.
12:08 of 3rd period - William Eklund wins face-off versus Drew O'Connor in Montreal Canadiens zone.
12:17 of 3rd period - Slapshot by Valeri Nichushkin.
12:17 of 3rd period - Stopped by Stuart Skinner without a rebound.
12:18 of 3rd period - Jack Hughes wins face-off versus Martin Necas in Montreal Canadiens zone.
12:28 of 3rd period - Brock Nelson is hit by Lane Hutson and loses puck.
12:35 of 3rd period - Slapshot by Martin Necas.
12:35 of 3rd period - Shot Misses the Net.
12:45 of 3rd period - Snap shot by Jake Evans.
12:45 of 3rd period - Shot Misses the Net.
12:47 of 3rd period - Wrist shot by Martin Necas.
12:47 of 3rd period - Shot Blocked by Brock Nelson.
12:55 of 3rd period - Wrist shot by Jake Evans.
12:55 of 3rd period - Stopped by Brandon Bussi without a rebound.
12:56 of 3rd period - Macklin Celebrini wins face-off versus William Karlsson in Minnesota North Stars zone.
12:57 of 3rd period - Snap shot by Dylan Larkin.
12:57 of 3rd period - Shot Misses the Net.
13:01 of 3rd period - Snap shot by Dylan Larkin.
13:01 of 3rd period - Stopped by Brandon Bussi with a rebound.
13:03 of 3rd period - Slapshot by Brady Skjei.
13:03 of 3rd period - Stopped by Brandon Bussi with a rebound.
13:05 of 3rd period - Wrist shot by Dylan Larkin.
13:05 of 3rd period - Shot Blocked by Jonathan Marchessault.
13:29 of 3rd period - Snap shot by Jonathan Marchessault.
13:29 of 3rd period - Shot Blocked by Adam Fox.
13:59 of 3rd period - Erik Cernak is hit by Ryan Poehling and loses puck.
14:32 of 3rd period - Snap shot by Michael Rasmussen.
14:32 of 3rd period - Stopped by Stuart Skinner without a rebound.
14:33 of 3rd period - Brad Marchand wins face-off versus Michael Rasmussen in Montreal Canadiens zone.
15:02 of 3rd period - Snap shot by Macklin Celebrini.
15:02 of 3rd period - Stopped by Brandon Bussi with a rebound.
15:04 of 3rd period - Slapshot by Damon Severson.
15:04 of 3rd period - Stopped by Brandon Bussi with a rebound.
15:16 of 3rd period - Snap shot by Brad Marchand.
15:16 of 3rd period - Shot Misses the Net.
15:18 of 3rd period - Slapshot by Owen Power.
15:18 of 3rd period - Shot Misses the Net.
15:20 of 3rd period - Slapshot by Brady Skjei.
15:20 of 3rd period - Stopped by Brandon Bussi without a rebound.
15:21 of 3rd period - William Karlsson wins face-off versus Juraj Slafkovsky in Minnesota North Stars zone.
15:30 of 3rd period - Snap shot by Patrik Laine.
15:30 of 3rd period - Stopped by Brandon Bussi with a rebound.
15:57 of 3rd period - Justin Hryckowian is hit by Brock Nelson and loses puck.
16:12 of 3rd period - Snap shot by William Eklund.
16:12 of 3rd period - Shot Misses the Net.
16:14 of 3rd period - Slapshot by Rasmus Dahlin.
16:14 of 3rd period - Stopped by Stuart Skinner with a rebound.
16:16 of 3rd period - Slapshot by Frank Vatrano.
16:16 of 3rd period - Deflect By Martin Necas.
16:16 of 3rd period - Stopped by Stuart Skinner with a rebound.
16:18 of 3rd period - Snap shot by William Eklund.
16:18 of 3rd period - Stopped by Stuart Skinner without a rebound.
16:19 of 3rd period - Ryan Poehling wins face-off versus William Karlsson in Montreal Canadiens zone.
16:24 of 3rd period - Wrist shot by Juraj Slafkovsky.
16:24 of 3rd period - Shot Blocked by Jonathan Marchessault.
17:50 of 3rd period - Macklin Celebrini is hit by Brock Nelson and loses puck.
17:55 of 3rd period - Wrist shot by Jack Hughes.
17:55 of 3rd period - Stopped by Stuart Skinner with a rebound.
17:57 of 3rd period - Snap shot by Brock Nelson.
17:57 of 3rd period - Shot Blocked by Owen Power.
18:51 of 3rd period - Montreal Canadiens, Stuart Skinner is pulled from the net.
19:09 of 3rd period - Slapshot by Ryan Poehling.
19:09 of 3rd period - Stopped by Brandon Bussi with a rebound.
19:11 of 3rd period - Slapshot by Brady Skjei.
19:11 of 3rd period - Stopped by Brandon Bussi without a rebound.
19:12 of 3rd period - Scott Arniel call a timeout for Montreal Canadiens.
19:12 of 3rd period - Brad Marchand wins face-off versus Jack Hughes in Minnesota North Stars zone.
19:29 of 3rd period - Slapshot by Macklin Celebrini.
19:29 of 3rd period - Deflect By Brock Nelson.
19:29 of 3rd period - Stopped by Brandon Bussi without a rebound.
19:30 of 3rd period - Macklin Celebrini wins face-off versus Jack Hughes in Minnesota North Stars zone.
19:33 of 3rd period - Snap shot by Dylan Larkin.
19:33 of 3rd period - Stopped by Brandon Bussi with a rebound.
19:35 of 3rd period - Snap shot by Brad Marchand.
19:35 of 3rd period - Shot Misses the Net.
Goals for this period are 0 for Minnesota North Stars vs 0 for Montreal Canadiens.
Shots for this period are 13 for Minnesota North Stars vs 16 for Montreal Canadiens.